 Dungeon Crawl Stone Soup version 0.26-a0-597-gb535b0901c (webtiles) character file.

Game seed: 1957913496706404816

1449 Lugonue the Insei (level 8, -5/39 HPs)
             Began as a Vine Stalker Transmuter on Sept 9, 2020.
             Was an Initiate of Sif Muna.
             Slain by an unseen horror (8 damage)
             ... on level 6 of the Dungeon.
             The game lasted 00:09:35 (5254 turns).

Lugonue the Insei (Vine Stalker Transmuter)         Turns: 5254, Time: 00:09:36

Health: -5/39      AC:  3    Str: 14    XL:     8   Next: 75%
Magic:  0/16       EV: 17    Int: 14    God:    Sif Muna [......]
Gold:   274        SH:  0    Dex: 15    Spells: 3/16 levels left

rFire    . . .     SeeInvis .     - Unarmed
rCold    . . .     Faith    .   (no shield)
rNeg     . . .     Spirit   +   f - +0 robe
rPois    .         Reflect  .   (helmet currently unavailable)
rElec    .         Harm     .   (no cloak)
rCorr    .                      n - +0 pair of gloves
MR       +....                  (boots currently unavailable)
Stlth    +++.......             (no amulet)
HPRegen  0.53/turn              k - +4 ring of evasion
MPRegen  0.15/turn              (no ring)

@: appendages, lightly drained
A: fangs 3, horns 2, talons 2, regeneration 1, magic shield, antimagic bite, no
potion heal 3, rot immunity
a: End Transformation, Renounce Religion


You were on level 6 of the Dungeon.
You worshipped Sif Muna.
Sif Muna was noncommittal.
You had grown temporary horns.
You had grown temporary talons.
You visited 1 branch of the dungeon, and saw 6 of its levels.

You collected 274 gold pieces.

Inventory:

Missiles
 m - 21 poisoned darts (quivered)
Armour
 f - a +0 robe (worn)
 n - a +0 pair of gloves (worn)
Jewellery
 k - a +4 ring of evasion (left hand)
Wands
 e - a wand of random effects (21)
Scrolls
 a - a scroll of blinking
 c - a scroll of teleportation
 g - a scroll of magic mapping
 i - 4 scrolls of remove curse
Potions
 b - a potion of lignification
 d - a potion of brilliance
 h - a potion of resistance
 l - a potion of stabbing {unknown}
 o - a potion of curing {unknown}


   Skills:
 + Level 2.0(1.9) Fighting
 + Level 3.3(3.1) Dodging
 + Level 3.8(3.7) Stealth
 + Level 7.4(7.3) Unarmed Combat
 + Level 4.8(4.6) Spellcasting
 + Level 4.6(4.5) Transmutations


You had 3 spell levels left.
You knew the following spells:

 Your Spells              Type           Power        Failure   Level
a - Beastly Appendage     Tmut           ###...       2%          1
b - Spider Form           Tmut/Pois      #.........   22%         3
c - Ice Form              Ice/Tmut       #.......     56%         4
d - Blade Hands           Tmut           ###.......   61%         5

Your spell library contained the following spells:

 Spells                   Type           Power        Failure   Level
 Wereblood                Tmut           ###.....     4%          2


Dungeon Overview and Level Annotations

Branches:
Dungeon (6/15)
 Temple: D:4-7

Altars:
Cheibriados
Kikubaaqudgha
Makhleb
Nemelex Xobeh
Sif Muna
The Shining One

Shops:
D:4 *


Innate Abilities, Weirdness & Mutations

You have razor-sharp teeth.
Your natural rate of healing is unusually fast.
When hurt, damage is shared between your health and your magic reserves.
Your bite disrupts and absorbs the magic of your enemies.
Potions cannot restore your health.
You are immune to rotting.
You have a pair of horns on your head.
You have razor-sharp toenails.


Message History

As you read the scroll of blinking, it crumbles to dust.
Something hits you!
* * * LOW HITPOINT WARNING * * *
Something hits you.
* * * LOW HITPOINT WARNING * * *
You hit something. Your bite misses something. Something hits you.
* * * LOW HITPOINT WARNING * * *
Okay, then.
Okay, then.
Unknown command.
Evoke which item? (* to show all) (? for menu, Esc to quit)
Okay, then.
Unknown command.
Okay, then.
Okay, then.
Unknown command.
Evoke which item? (* to show all) (? for menu, Esc to quit)
Press: ? - help, Shift-Dir - straight line Nothing appears to happen.
Something hits you!
You die...

####.# . #.... .. #...
#... ##..# ####.....
##...###........
####..#......../..z
#####......z.)#####.#..
.......#...####
##..@..## #..##<##
.......># #####..###
#..# #.. #. #


You could see a wight.

Vanquished Creatures
  Grinder (D:3)
  Eustachio (D:4)
  Menkaure (D:4)
  A centaur (D:4)
  Blork the orc (D:4)
  2 scorpions (D:4)
  A water moccasin skeleton (D:4)
  A wight (D:6)
  A howler monkey (D:5)
  A jelly (D:5)
  3 orc priests (D:4)
  6 orc wizards
  5 worker ants
  4 gnolls (D:4)
  2 adders
  An ufetubus (D:6)
  An adder skeleton (D:4)
  4 worms
  2 dart slugs
  4 leopard geckos
  35 orcs
  2 ball pythons
  4 giant cockroaches
  9 goblins
  3 hobgoblins
  6 kobolds
  2 quokkas
  A ball python skeleton (D:5)
  10 bats
  2 frilled lizards
  A leopard gecko skeleton (D:4)
  2 quokka skeletons
  6 rats
126 creatures vanquished.

Notes
Turn   | Place    | Note
-------+----------+-------------------------------------------
     0 | D:1      | Lugonue the Vine Stalker Transmuter began the quest for the
                  | Orb.
     0 | D:1      | Reached XP level 1. HP: 9/9 MP: 4/4
   467 | D:1      | Reached XP level 2. HP: 14/14 MP: 6/6
  1145 | D:2      | Reached skill level 1 in Stealth
  1145 | D:2      | Reached XP level 3. HP: 13/17 MP: 7/7
  1920 | D:3      | Noticed Grinder
  1962 | D:3      | Learned a level 3 spell: Spider Form
  2298 | D:3      | Gained mutation: Your natural rate of healing is unusually
                  | fast. [Vine Stalker growth]
  2298 | D:3      | Reached XP level 4. HP: 21/21 MP: 8/8
  2704 | D:3      | Reached skill level 4 in Unarmed Combat
  2712 | D:3      | Reached skill level 1 in Fighting
  2821 | D:3      | Killed Grinder
  2821 | D:3      | Reached XP level 5. HP: 25/25 MP: 8/10
  2821 | D:3      | Reached XP level 6. HP: 30/30 MP: 8/11
  2904 | D:4      | Learned a level 4 spell: Ice Form
  2998 | D:4      | Noticed Eustachio
  3004 | D:4      | Noticed Blork the orc
  3021 | D:4      | Killed Eustachio
  3021 | D:4      | Reached skill level 5 in Unarmed Combat
  3021 | D:4      | Reached XP level 7. HP: 26/33 MP: 2/13
  3036 | D:4      | Found a glowing golden altar of the Shining One.
  3044 | D:4      | Killed Blork the orc
  3173 | D:4      | Noticed Menkaure
  3340 | D:4      | Killed Menkaure
  3340 | D:4      | Reached skill level 6 in Unarmed Combat
  3340 | D:4      | Gained mutation: You have razor-sharp teeth. [Vine Stalker
                  | growth]
  3340 | D:4      | Reached XP level 8. HP: 37/38 MP: 13/15
  3479 | D:4      | Learned a level 5 spell: Blade Hands
  3491 | D:4      | Found Iroidwidusk's Assorted Antiques.
  3756 | D:4      | Found an ancient bone altar of Kikubaaqudgha.
  4174 | D:4      | Reached skill level 7 in Unarmed Combat
  4251 | D:5      | Entered Level 5 of the Dungeon
  4689 | D:5      | Found a sparkling altar of Nemelex Xobeh.
  4689 | D:5      | Found a shimmering blue altar of Sif Muna.
  4777 | D:5      | Became a worshipper of Sif Muna the Loreminder
  4882 | D:5      | Found a snail-covered altar of Cheibriados.
  5044 | D:5      | Found a burning altar of Makhleb.
  5254 | D:6      | Slain by an unseen horror

Illustrated notes

Levels and vault maps discovered:
D:1:      dpeg_arrival_chambers_temple_mockup, layout_loops_ring
D:2:      layout_basic
D:3:      layout_loops_ring, uniq_grinder
D:4:      layout_basic, nicolae_overflow_crystal_walls, kennysheep_mini_moat,
          serial_shops, nicolae_shop_statue_plus, uniq_menkaure,
          uniq_blork_the_orc, uniq_eustachio
D:5:      layout_loops_corners, gammafunk_temple_overflow_pools,
          lemuel_coloured_pillars_altar, cheibrodos_worm_habitat
D:6:      layout_rooms, lemuel_round_altar, temple_pool_b

Skill      XL: |  1  2  3  4  5  6  7  8 |
---------------+-------------------------+-----
Stealth        | 1 2 3 |  3.8
Dodging        | 2 3 |  3.3
Unarmed Combat | 4 5 6 7 |  7.4
Fighting       | 1 2 |  2.0
Spellcasting   | 3 4 |  4.8
Transmutations | 3 4 |  4.6

Action                   |  1- 3 |  4- 6 |  7- 9 || total
-------------------------+-------+-------+-------++-------
Melee: Unarmed           |   104 |    49 |   197 ||   350
       Kick              |    20 |     9 |    50 ||    79
       Bite              |    21 |    13 |    44 ||    78
       Punch             |     3 |     1 |     3 ||     7
       Headbutt          |     5 |     3 |    27 ||    35
 Cast: Beastly Appendage |    17 |     8 |    29 ||    54
       Spider Form       |       |     1 |       ||     1
Evoke: Wand              |       |       |     2 ||     2
  Use: Scroll            |     4 |     7 |     6 ||    17
       Potion            |       |     1 |       ||     1
 Stab: Sleeping          |     3 |     2 |     2 ||     7
Armor: Robe              |    28 |     4 |    12 ||    44
       Skin              |       |     1 |       ||     1
Dodge: Dodged            |   103 |    44 |   117 ||   264

Table legend: (Time is in decaauts)
 A = Elapsed time spent in this place.
 B = Non-inter-level travel time spent in this place.
 C = Inter-level travel time spent in this place.
 D = Time resting spent in this place.
 E = Time spent auto-exploring this place.
 F = Levels seen in this place.
 G = Mean time per level.
                   A        B        C        D        E       F      G
               +--------+--------+--------+--------+--------+-----+--------+
         Total |   5228 |   4999 |    229 |     97 |   3855 |   6 |  871.3 |
       Dungeon |   5228 |   4999 |    229 |     97 |   3855 |   6 |  871.3 |
               +--------+--------+--------+--------+--------+-----+--------+

Top non-repeatable levels by time:
     D:4: 1335 daAuts
     D:1: 1019 daAuts
     D:5: 970 daAuts
     D:3: 960 daAuts
     D:2: 908 daAuts
     D:6: 33 daAuts
